 Dungeon Crawl Stone Soup version 0.31-a0-188-g5e087ee2ca (webtiles) character file.

Game seed: 16489597140037052604

1580 qw the Skirmisher (level 8, -5/46 HPs)
             Began as a Deep Elf Hunter on June 23, 2023.
             Killed from afar by a white imp (8 damage)
             ... with a puff of frost
             ... on level 5 of the Dungeon.
             The game lasted 00:01:55 (4608 turns).

qw the Skirmisher (Deep Elf Hunter)                 Turns: 4608, Time: 00:01:56

Health: -5/46      AC:  8    Str: 14    XL:     8   Next: 60%
Magic:  10/10      EV: 14    Int: 10    God:
Gold:   175        SH:  0    Dex: 24    Spells: 7/7 levels left

rFire   . . .        b - +3 orcbow of Sloth {drain, rCorr Str+4 Int-5}
rCold   . . .        (shield currently unavailable)
rNeg    . . .        a - +1 ring mail
rPois   .            (no helmet)
rElec   .            (no cloak)
rCorr   +            (no gloves)
SInv    .            f - +1 pair of boots
Will    +....        (no amulet)
Stlth   ++           c - +6 ring of dexterity
HPRegen 0.27/turn    m - ring of willpower
MPRegen 0.12/turn

%: no passive effects
@: about to teleport
A: no striking features
a: no special abilities


You were on level 5 of the Dungeon.
You visited 2 branches of the dungeon, and saw 6 of its levels.

You collected 908 gold pieces.
You spent 733 gold pieces at shops.


   Skills:
 - Level 3.2 Fighting
 - Level 13.1 Ranged Weapons
 - Level 1.5 Armour
 + Level 5.0 Dodging
 - Level 1.2 Stealth


You had 7 spell levels left.
You didn't know any spells.
Your spell library was empty.

Inventory:

Hand Weapons
 b - the +3 orcbow of Sloth (weapon) {drain, rCorr Str+4 Int-5}
   (You bought it in a shop on level 3 of the Dungeon)

   Str:       It affects your strength (+4).
   Int:       It affects your intelligence (-5).
   rCorr:     It protects you from acid and corrosion.
Armour
 a - a +1 ring mail (worn)
 f - a +1 pair of boots (worn)
 h - the scarf "Asohoese" {harm, Str+2 Stlth+}
   (You bought it in a shop on level 3 of the Dungeon)

   Str:       It affects your strength (+2).
   Stlth:     It makes you more stealthy.
Jewellery
 c - a +6 ring of dexterity (left hand)
 d - a ring of fire
 m - a ring of willpower (right hand)
Scrolls
 e - 2 scrolls of identify
 g - a scroll of teleportation
Potions
 i - a potion of mutation
 j - a potion of lignification {unknown}
 k - a potion of brilliance {unknown}
 l - a potion of curing {unknown}
 n - a potion of heal wounds {unknown}

Dungeon Overview and Level Annotations

Branches:
Dungeon (5/15)             Temple (1/1) D:5

Altars:
Ashenzari
Dithmenos
Elyvilon
Kikubaaqudgha
Makhleb
Qazlal
Uskayaw
Wu Jian
Xom
Yredelemnul
Zin
The Shining One

Shops:
D:3 :(*[*

Annotations:
D:3 2 transporters, qw's ghost, amateur DEHu


Message History

The orc warrior shouts!
Something shouts, "Away with thee, thou horrid mumble-news joithead!"
4600 ||| Stepping ~*~*~tactically~*~*~ (outnumbered).
The adder barely misses you. The adder bites you.
You are poisoned.
The adder poisons you!
You shoot an arrow. The arrow hits the adder!
You kill the adder!
You feel sick.
You shoot an arrow. The arrow hits the yak!
You drain the yak.
The yak is moderately wounded.
You feel sick.
The white imp laughs crazily.
The yak misses you.
You shoot an arrow. The arrow hits the yak!
The yak is almost dead.
You feel sick. The yak misses you.
You shoot an arrow. The arrow hits the yak!
You kill the yak!
You feel sick.
The iguana hisses menacingly.
The orc warrior hits you with a +0 battleaxe!
The white imp puffs mist at you.
Your Ranged Weapons skill increases to level 13!
You shoot an arrow. The arrow hits the orc warrior.
The orc warrior is lightly wounded.
You feel sick. The orc warrior misses you. The iguana barely misses you.
You shoot an arrow. The arrow hits the orc warrior!
The orc warrior is heavily wounded.
You feel sick. The iguana bites you!
The orc warrior hits you with a +0 battleaxe!
4608 ||| READING 2 scrolls of teleportation.
As you read the scroll of teleportation, it crumbles to dust.
You feel strangely unstable.
You feel sick.
You are no longer poisoned.
The iguana barely misses you. The orc warrior barely misses you.
The white imp gestures at you. The puff of frost hits you!
You die...

#.................##
#..#
########..##########
### #..# #.?.)..#..#
.+ ##.#####.<#
#.8.#%.#..#..#
#......#..#
#...#..#..#..#
##.###.#..#
#####.)#..#..#####
#.# #.....
#......#..#......#
#.# ####.#
#......#..#...ol5#
#.# #..
#.%#####..#####@.#
#.# ###
#......#..#......#
#.#
#......#..#..%...#
#.#####
#####..#..#..#####
#.....#
#......#..#......#
#####.#
#......#..#......#
#.#
#..#####..#####..#
#.#
#......#..#......#
#.#
#......#..#......#
#.####


You could see an orc warrior, an iguana and a white imp.

Vanquished Creatures
  A yak (D:5)
  Edmund (D:4)
  A black bear (D:5)
  4 ogres
  3 phantoms (D:5)
  A scorpion (D:4)
  A wight (D:5)
  4 hounds (D:5)
  A jelly (D:4)
  Jessica (D:3)
  3 iguanas (D:5)
  5 orc wizards
  A gnoll (D:5)
  9 adders
  3 white imps (D:5)
  A worm (D:5)
  2 dart slugs
  16 orcs
  7 ball pythons
  8 bats
  7 endoplasms
  2 giant cockroaches (D:1)
  6 goblins
  7 hobgoblins
  4 quokkas
  2 frilled lizards (D:1)
  10 kobolds
  9 rats
120 creatures vanquished.

Notes
Turn   | Place    | Note
-------+----------+-------------------------------------------
     0 | D:1      | qw the Deep Elf Hunter began the quest for the Orb.
     0 | D:1      | Reached XP level 1. HP: 12/12 MP: 3/3
     0 | D:1      | 0 ||| qw: Version: 0.3-a-9-g12657ce
     0 | D:1      | 0 ||| qw: Game counter: 3126
     0 | D:1      | 0 ||| qw: Always use a shield: true
     0 | D:1      | 0 ||| qw: God list: Okawaru
     0 | D:1      | 0 ||| qw: Allow faded altars: false
     0 | D:1      | 0 ||| qw: Do Orc after D:15 true
     0 | D:1      | 0 ||| qw: Do second Lair branch before Depths: true
     0 | D:1      | 0 ||| qw: Lair rune preference: random
     0 | D:1      | 0 ||| qw: Plans: Normal
     0 | D:1      | 0 ||| PLANNING D:1-11
   183 | D:1      | Reached XP level 2. HP: 16/16 MP: 4/4
   206 | D:1      | Reached skill level 6 in Ranged Weapons
   306 | D:1      | 306 ||| Stepping ~*~*~tactically~*~*~ (water).
   686 | D:1      | 686 ||| DROPPING ring of flight.
   687 | D:1      | 687 ||| READING scroll labelled TIANOG FEFYISO.
   688 | D:1      | 688 ||| DROPPING scroll of butterflies.
   742 | D:2      | Reached XP level 3. HP: 20/20 MP: 5/5
  1100 | D:2      | Reached skill level 7 in Ranged Weapons
  1386 | D:2      | Noticed an ogre
  1393 | D:2      | Reached XP level 4. HP: 25/25 MP: 6/6
  1396 | D:2      | Killed an ogre
  1397 | D:2      | Reached skill level 8 in Ranged Weapons
  1397 | D:2      | Reached XP level 5. HP: 29/29 MP: 7/7
  1651 | D:2      | 1651 ||| UPGRADING to +0 ring mail.
  1661 | D:2      | 1661 ||| DROPPING scarf of shadows.
  1662 | D:2      | 1662 ||| DROPPING +0 leather armour.
  1663 | D:2      | 1663 ||| READING 3 scrolls labelled GOKHLU WOPPOL.
  1664 | D:2      | 1664 ||| READING scroll labelled KEGGIKLOJI.
  1664 | D:2      | Identified a scroll of acquirement
  1664 | D:2      | 1664 ||| ACQUIRING 583 gold pieces
  1664 | D:2      | Acquired 583 gold pieces
  1666 | D:2      | 1666 ||| READING 2 scrolls of identify.
  1666 | D:2      | 1666 ||| IDENTIFYING clear potion
  1667 | D:2      | 1667 ||| DROPPING 2 scrolls of vulnerability.
  1668 | D:2      | 1668 ||| DROPPING potion of magic.
  1728 | D:3      | Found Qoelul's Antique Weapon Emporium.
  1736 | D:3      | 1736 ||| BUYING fine orcbow (238 gold).
  1736 | D:3      | Bought a fine orcbow for 238 gold pieces
  1736 | D:3      | Identified the +3 orcbow of Sloth {drain, rCorr Str+4
                  | Int-5} (You bought it in a shop on level 3 of the Dungeon)
  1736 | D:3      | 1736 ||| SWAPPING to +3 orcbow of Sloth {drain, rCorr Str+4
                  | Int-5}.
  1737 | D:3      | 1737 ||| DROPPING +0 shortbow.
  1748 | D:3      | Found Siyz's Book Boutique.
  1851 | D:3      | 1851 ||| FLEEEEING.
  1852 | D:3      | 1852 ||| FLEEEEING.
  1853 | D:3      | 1853 ||| FLEEEEING.
  1854 | D:3      | 1854 ||| FLEEEEING.
  1855 | D:3      | 1855 ||| FLEEEEING.
  1857 | D:3      | 1857 ||| FLEEEEING.
  1860 | D:3      | 1860 ||| FLEEEEING.
  1862 | D:3      | 1862 ||| FLEEEEING.
  1864 | D:3      | 1864 ||| FLEEEEING.
  1865 | D:3      | 1865 ||| FLEEEEING.
  1867 | D:3      | 1867 ||| FLEEEEING.
  1869 | D:3      | 1869 ||| FLEEEEING.
  1870 | D:3      | 1870 ||| FLEEEEING.
  1871 | D:3      | 1871 ||| FLEEEEING.
  1872 | D:3      | 1872 ||| FLEEEEING.
  1873 | D:3      | 1873 ||| FLEEEEING.
  1874 | D:3      | 1874 ||| FLEEEEING.
  1875 | D:3      | 1875 ||| FLEEEEING.
  1876 | D:3      | 1876 ||| FLEEEEING.
  1879 | D:3      | 1879 ||| FLEEEEING.
  1880 | D:3      | 1880 ||| FLEEEEING.
  1881 | D:3      | 1881 ||| FLEEEEING.
  1883 | D:3      | 1883 ||| FLEEEEING.
  1884 | D:3      | 1884 ||| FLEEEEING.
  1885 | D:3      | 1885 ||| FLEEEEING.
  1886 | D:3      | 1886 ||| FLEEEEING.
  1887 | D:3      | 1887 ||| FLEEEEING.
  1893 | D:3      | 1893 ||| STAIRDANCE
  1944 | D:3      | 1944 ||| STAIRDANCE
  1982 | D:3      | 1982 ||| STAIRDANCE
  1986 | D:2      | Reached skill level 9 in Ranged Weapons
  2052 | D:3      | Found a transporter.
  2052 | D:3      | Noticed qw's ghost (amateur DEHu)
  2114 | D:3      | Found Gaddeagg's General Store.
  2118 | D:3      | 2118 ||| BUYING scroll of enchant armour (82 gold).
  2118 | D:3      | Bought a scroll of enchant armour for 82 gold pieces
  2118 | D:3      | 2118 ||| BUYING scroll of teleportation (33 gold).
  2118 | D:3      | Bought a scroll of teleportation for 33 gold pieces
  2118 | D:3      | 2118 ||| READING scroll of enchant armour.
  2118 | D:3      | 2118 ||| ENCHANTING +0 ring mail.
  2276 | D:3      | 2276 ||| UPGRADING to +6 ring of dexterity.
  2290 | D:3      | Found Koam's Armour Emporium.
  2299 | D:3      | 2299 ||| BUYING +1 pair of boots (115 gold).
  2299 | D:3      | Bought a +1 pair of boots for 115 gold pieces
  2299 | D:3      | 2299 ||| BUYING scarf "Asohoese" {harm, Str+2 Stlth+} (210
                  | gold).
  2299 | D:3      | Bought the scarf "Asohoese" {harm, Str+2 Stlth+} for 210
                  | gold pieces
  2337 | D:3      | Noticed Jessica
  2338 | D:3      | Killed Jessica
  2339 | D:3      | Reached skill level 3 in Dodging
  2381 | D:3      | Found a transporter.
  2476 | D:3      | Found Ukhlulecsu's Assorted Antiques.
  2482 | D:3      | 2482 ||| BUYING fizzy blue potion (26 gold).
  2482 | D:3      | Bought a fizzy blue potion for 26 gold pieces
  2482 | D:3      | 2482 ||| SHOPLISTING marble ring (145 gold, have 58).
  2482 | D:3      | 2482 ||| SHOPLISTING runed garnet ring (145 gold, have 58).
  2482 | D:3      | 2482 ||| BUYING scroll labelled SARIPAEHIL (29 gold).
  2482 | D:3      | Bought a scroll labelled SARIPAEHIL for 29 gold pieces
  2482 | D:3      | 2482 ||| SHOPLISTING twisted fluorescent wand (116 gold,
                  | have 29).
  2495 | D:3      | 2495 ||| UPGRADING to +1 pair of boots.
  2500 | D:3      | 2500 ||| DROPPING ring of wizardry.
  2501 | D:3      | 2501 ||| READING scroll labelled POZAUZ YNYPS.
  2502 | D:3      | 2502 ||| READING scroll labelled SARIPAEHIL.
  2503 | D:3      | 2503 ||| DRINKING 2 fizzy blue potions.
  2504 | D:3      | 2504 ||| READING 2 scrolls of identify.
  2504 | D:3      | 2504 ||| IDENTIFYING cyan potion
  2505 | D:3      | 2505 ||| DROPPING potion of attraction.
  2543 | D:4      | Found a glowing silver altar of Zin.
  2593 | D:4      | Reached XP level 6. HP: 35/35 MP: 8/8
  2712 | D:4      | Reached skill level 10 in Ranged Weapons
  2845 | D:4      | Noticed Edmund
  2855 | D:4      | Killed Edmund
  2856 | D:4      | Reached XP level 7. HP: 23/40 MP: 9/9
  2933 | D:4      | Reached skill level 1 in Armour
  3181 | D:4      | 3181 ||| READING scroll labelled URGHI TEREHOIKA.
  3182 | D:4      | 3182 ||| DRINKING 2 smoky yellow potions.
  3183 | D:4      | 3183 ||| READING 2 scrolls of identify.
  3183 | D:4      | 3183 ||| IDENTIFYING dark potion
  3184 | D:4      | 3184 ||| DROPPING potion of invisibility.
  3185 | D:4      | 3185 ||| DROPPING potion of degeneration.
  3187 | D:4      | 3187 ||| Stepping ~*~*~tactically~*~*~ (cloud).
  3302 | D:5      | Entered Level 5 of the Dungeon
  3303 | D:5      | 3303 ||| PLANNING SEWER
  3400 | D:5      | 3400 ||| FLEEEEING.
  3401 | D:5      | 3401 ||| FLEEEEING.
  3402 | D:5      | 3402 ||| FLEEEEING.
  3406 | D:5      | 3406 ||| STAIRDANCE
  3426 | D:4      | 3426 ||| READING scroll labelled ITZICI HEMEUNG.
  3427 | D:4      | 3427 ||| READING scroll labelled PAISEF GEGGO.
  3430 | D:5      | 3430 ||| STAIRDANCE
  3433 | D:4      | HP: 3/40 [ogre/+0 giant spiked club (26)]
  3434 | D:4      | 3434 ||| READING 2 scrolls of teleportation.
  3641 | D:5      | Found a staircase to the Ecumenical Temple.
  3649 | D:5      | Reached skill level 11 in Ranged Weapons
  3909 | D:5      | Reached XP level 8. HP: 44/44 MP: 10/10
  3921 | D:5      | 3921 ||| RIP SEWER
  3930 | D:5      | 3930 ||| PLANNING TEMPLE
  3932 | D:5      | 3932 ||| READING scroll labelled DIABYU FAGRU.
  3933 | D:5      | 3933 ||| FLEEEEING.
  3934 | D:5      | 3934 ||| FLEEEEING.
  3935 | D:5      | 3935 ||| FLEEEEING.
  3936 | D:5      | 3936 ||| FLEEEEING.
  3937 | D:5      | 3937 ||| FLEEEEING.
  3943 | D:5      | 3943 ||| FLEEEEING.
  3947 | D:5      | 3947 ||| FLEEEEING.
  3951 | D:5      | 3951 ||| FLEEEEING.
  3952 | D:5      | 3952 ||| FLEEEEING.
  3956 | D:5      | 3956 ||| STAIRDANCE
  4060 | D:5      | 4060 ||| STAIRDANCE
  4099 | Temple   | Entered the Ecumenical Temple
  4273 | Temple   | 4273 ||| PLANNING D:1-11
  4411 | D:5      | 4411 ||| UPGRADING to ring of willpower.
  4420 | D:5      | Reached skill level 12 in Ranged Weapons
  4529 | D:5      | Reached skill level 3 in Fighting
  4600 | D:5      | 4600 ||| Stepping ~*~*~tactically~*~*~ (outnumbered).
  4606 | D:5      | Reached skill level 13 in Ranged Weapons
  4607 | D:5      | HP: 4/46 [orc warrior/+0 battleaxe (11)]
  4608 | D:5      | 4608 ||| READING 2 scrolls of teleportation.
  4608 | D:5      | Killed from afar by a white imp

Levels and vault maps discovered:
D:1:      minmay_arrival_widening_spiral_narrow, layout_basic,
          chequers_serial_rivers_large_b, minivault_4
D:2:      layout_basic, kennysheep_generic_room_5
D:3:      layout_loops_cross, gammafunk_ghost_arena, serial_shops,
          nicolae_shop_waterfront, shop, nicolae_shop_peninsula, shop,
          nicolae_shop_window_shopping, st_stairs_6, uniq_jessica
D:4:      layout_loops_ring, mainiacjoe_overflow_chevrons,
          nicolae_underground_beach, uniq_edmund
D:5:      kennysheep_windowed_halls, layout_loops_ring,
          minmay_temple_entry_large_hall, portal_sewer_entry_d
Temple:   grunt_temple_mini_profane

Skill      XL: |  1  2  3  4  5  6  7  8 |
---------------+-------------------------+-----
Ranged Weapons | 6 7 8 9 10 11 13 | 13.1
Fighting       | 2 3 |  3.2
Dodging        | 3 4 5 |  5.0
Armour         | 1 |  1.5
Stealth        | |  1.2

Action                     |  1- 3 |  4- 6 |  7- 9 || total
---------------------------+-------+-------+-------++-------
   Fire: Shortbow          |   103 |     4 |       ||   107
         Orcbow            |       |    95 |   106 ||   201
    Use: Scroll            |     1 |     7 |     7 ||    15
         Potion            |       |     1 |     1 ||     2
 Armour: Leather armour    |    11 |       |       ||    11
         Ring mail         |       |    14 |    15 ||    29
  Dodge: Dodged            |    16 |    24 |    26 ||    66

Table legend:
 A = Non-vault XP
 B = Vault XP
 C = Vault XP percentage of total XP
 D = Non-vault monster count
 E = Vault monster count
 F = Vault count percentage of total count
                 A         B        C        D         E       F
            +---------+---------+-------+---------+---------+-------
      Total |    1179 |    1079 |  47.8 |      98 |      22 |  18.3
            +---------+---------+-------+---------+---------+-------
        D:1 |      40 |       0 |   0.0 |      25 |       0 |   0.0
        D:2 |      48 |     134 |  73.6 |      14 |       3 |  17.6
        D:3 |     117 |      37 |  24.0 |      21 |       1 |   4.5
        D:4 |     470 |     166 |  26.1 |      24 |       1 |   4.0
        D:5 |     504 |     742 |  59.6 |      14 |      17 |  54.8
            +---------+---------+-------+---------+---------+-------
